Match 41025863
Unlisted

Match 41025863
End
Pioneer Squad
Construct Infanterie Kompanie
Selects Mechanized Battlegroup
Selects Mechanized Battlegroup
Grenadier Squad
Grenadier Squad
MG 42 Machine Gun Team
Grenadier Squad
Infanterie Officer Quarters
Selects Raid Package
Selects StuG Assault Group
StuG Assault Group
StuG Assault Group
Construct Panzergrenadier Kompanie
StuG Assault Group
Panzergrenadier Officer Quarters
BIOHAZARD
Sauzer88
=BIA=Decapsy
Andreuz
June
creenlaccwes
Coorvishonix
狼哥
0
0

Comments sign in to comment!

No comments posted yet!